Map: Romanticide LE

Players

Natasha

  • Race: Protoss Protoss
  • League: Diamond

Massa - Winner!

  • Race: Terran Terran
  • League: Platinum

VOD

Have the link to the VOD?

Description

Time

  • Played on: April 7, 2021, 4:34 p.m.
  • Length: 5:02
Show
View Real Time Build Order
Export as new Build Order

Natasha Protoss 

Build Orders:  

Get SALT Encoding   

  12  0:00  Probe  
  13  0:13  Pylon  
  13  0:17  Probe (Chrono Boost)  
  14  0:27  Probe (Chrono Boost)  
  15  0:33  Gateway  
  15  0:35  Probe  
  16  0:43  Assimilator  
  16  0:47  Probe  
  17  1:00  Probe  
  18  1:05  Gateway  
  18  1:12  Probe (Chrono Boost), Assimilator  
  19  1:22  Cybernetics Core  
  19  1:27  Cybernetics Core  
  19  1:32  Pylon  
  19  1:37  Probe  
  20  1:49  Probe  
  21  2:00  Warp Gate (Chrono Boost)  
  21  2:01  Probe  
  21  2:04  Stalker  
  21  2:06  Stalker  
  26  2:19  Gateway  
  26  2:30  Gateway  
  26  2:37  Stalker  
  28  2:43  Stalker  
  30  2:51  Pylon  
  30  3:02  Probe  
  31  3:23  Pylon  
  31  3:34  Pylon  
  31  3:36  Stalker x3  
  31  3:41  Stalker  
  39  4:01  Stalker x2  
  43  4:05  Stalker  
  37  4:25  Stalker x2  
Show
View Real Time Build Order
Export as new Build Order

Massa Terran - Winner!

Build Orders:  

Get SALT Encoding   

  12  0:00  SCV  
  13  0:12  SCV  
  14  0:19  Supply Depot  
  14  0:24  SCV  
  15  0:41  SCV  
  15  0:42  Refinery  
  16  0:45  Barracks  
  16  0:53  SCV  
  17  1:05  SCV  
  18  1:21  SCV  
  19  1:33  SCV  
  19  1:38  Barracks Reactor  
  20  1:42  Command Center  
  20  1:47  Orbital Command  
  20  2:00  Supply Depot  
  20  2:10  Bunker  
  20  2:14  Marine x2  
  23  2:15  SCV  
  23  2:25  Factory  
  23  2:32  Marine x2  
  25  2:49  Marine  
  25  2:50  Barracks, Marine  
  27  2:53  Supply Depot  
  27  2:54  SCV  
  28  3:04  SCV  
  29  3:07  Marine x2  
  31  3:13  Starport  
  31  3:17  Hellion  
  33  3:25  SCV, Marine x2  
  36  3:32  Orbital Command  
  36  3:38  Barracks Tech Lab  
  36  3:42  Widow Mine  
  36  3:43  Marine x2  
  40  3:50  SCV  
  40  3:53  Medivac  
  43  4:01  Marine  
  43  4:02  SCV, Marine  
  44  4:07  SCV  
  45  4:14  SCV  
  46  4:19  SCV  
  44  4:26  SCV  
  44  4:28  Marine x2  
  44  4:30  Hellion  
Tags
 
Add a new tag
Caveats
  • Supply blocks, unpowered buildings, or Contaminate may cause inaccurate times.
  • Supply counts are checked every 10 seconds.